AoeStats
← Trexology

Arabia

510302118Analyzed
1v1 RM · 12h ago on Sep 30, 2026· 45m 54s· 2 players
Game mode
Random Map
Map size
Tiny (2 player)
Population
200
Speed
Normal
Resources
Standard
Victory
Conquest
Starting age
Dark Age
Ending age
Imperial Age
RankedLock teamsTeams togetherTeam positionsShared explorationLock speedFull tech treeHidden civsTurbo modeCheats
Victory
Defeat
🇳🇱 Armenians · Netherlands
1104
+15
🇩🇪 Byzantines · Germany
1092
-15
Trexology
7:45 Loom
10:04 Feudal Age
10:37 Double-Bit Axe
11:42 Man-at-Arms
12:54 Horse Collar
22:21 Castle Age
20:32 Fletching
23:11 Bow Saw
24:34 Crossbowman
25:20 Padded Archer Armor
26:05 Bodkin Arrow
27:45 Pikeman
28:25 Gold Mining
28:25 Stone Mining
32:57 Wheelbarrow
32:51 Stone Mining
35:41 Gold Shaft Mining
37:59 Hand Cart
41:32 Imperial Age
39:18 Forging
39:13 Scale Barding Armor
43:26 Imperial Age
44:08 Thumb Ring
43:30 Arbalester
44:15 Bracer
45:18 Ballistics
De_Profeet
11:34 Feudal Age
11:34 Man-at-Arms
12:18 Long Swordsman
13:48 Double-Bit Axe
13:45 Horse Collar
17:32 Scale Mail Armor
22:07 Castle Age
21:47 Gold Mining
23:29 Wheelbarrow
22:22 Two-Handed Swordsman
22:47 Gambesons
23:18 Bow Saw
23:11 Heavy Plow
24:19 Elite Skirmisher
27:14 Stone Mining
30:25 Ballistics
29:59 Fletching
30:13 Champion
35:59 Imperial Age
34:32 Bodkin Arrow
34:37 Padded Archer Armor
38:01 Bracer
38:11 Forging
38:19 Chain Mail Armor
38:15 Forging
37:41 Capped Ram
40:11 Plate Mail Armor
44:06 Iron Casting
43:46 Leather Archer Armor
44:49 Onager
Connection lost

Rejoining the realm…

Still unreachable

The connection could not be restored.

Session expired

The server has moved on; the page needs a fresh start.